EL
FRISCO ROUGHRIDERS @ MIDLAND ROCKHOUNDS
04/08/2044
 
TOP OF THE 1ST
Frisco RoughRiders batting - Pitching for Midland RockHounds : RHP Tom Coates
Pitching: RHP Tom Coates
Batting: RHB Zhi-bin Ou-yang 0-0: Ball
1-0: Ball
2-0: Called Strike
2-1: Foul Ball, location: 2F
2-2: Strikes out swinging
Batting: LHB Justin Balthazor 0-0: Foul Ball, location: 2F
0-1: Foul Ball, location: 2F
0-2: Foul Ball, location: 2F
0-2: Ball
1-2: Ball
2-2: Fly out, F9 (Flyball, 9S, EV 71.9 MPH)
Batting: RHB Nate Taylor 0-0: Ball
1-0: Foul Ball, location: 2F
1-1: Foul Ball, location: 2F
1-2: Ground out 3-1 (Groundball, 34, EV 99.4 MPH)
Top of the 1st over - 0 runs, 0 hits, 0 errors, 0 left on base; Frisco 0 - Midland 0
BOTTOM OF THE 1ST
Midland RockHounds batting - Pitching for Frisco RoughRiders : RHP Abel Cerejeira
Pitching: RHP Abel Cerejeira
Batting: SHB Quincy Bradford 0-0: Ball
1-0: Ball
2-0: Swinging Strike
2-1: Ball
3-1: Called Strike
3-2: Foul Ball, location: 2F
3-2: Foul Ball, location: 2F
3-2: Strikes out looking
Batting: RHB Mario Ramos 0-0: Ball
1-0: Called Strike
1-1: SINGLE (Groundball, 6MD, EV 103.1 MPH)
Batting: LHB Chance Stever 0-0: Ball
1-0: DOUBLE (Flyball, 78D, EV 99.4 MPH)
Mario Ramos to third
Runner from 3rd tries for Home, SAFE, throw by CF to home
Batting: LHB Tom Raupp 0-0: Foul Ball, location: 2F
0-1: 2-RUN HOME RUN (Flyball, 89XD, EV 99.4 MPH), Distance : 403 ft
Batting: RHB Chris Montgomery 0-0: Ball
1-0: Foul Ball, location: 2F
1-1: Ball
2-1: Ball
3-1: DOUBLE (Groundball, 5L, EV 109.4 MPH)
Batting: SHB John Cummings 0-0: Called Strike
0-1: Foul Ball, location: 2F
0-2: Ball
1-2: Foul Ball, location: 2F
1-2: Ball
2-2: Ball
3-2: Base on Balls
Batting: RHB Fathi Addae 0-0: Swinging Strike
0-1: Foul Ball, location: 2F
0-2: Ball
1-2: Ball
2-2: Strikes out swinging
Batting: RHB Bastiaan Leenders 0-0: Ball
1-0: Ground out 6-3 (Groundball, 6M, EV 86.2 MPH)
Bottom of the 1st over - 3 runs, 4 hits, 0 errors, 2 left on base; Frisco 0 - Midland 3
TOP OF THE 2ND
Frisco RoughRiders batting - Pitching for Midland RockHounds : RHP Tom Coates
Batting: SHB Frank King 0-0: Called Strike
0-1: Foul Ball, location: 2F
0-2: Foul Ball, location: 2F
0-2: Ground out U3 (Groundball, 3L, EV 101.9 MPH)
Batting: RHB Logan Savarese 0-0: Ball
1-0: Called Strike
1-1: Called Strike
1-2: Fly out, F8 (Flyball, 89S, EV 91.9 MPH)
Batting: RHB Jason Sher 0-0: Ball
1-0: Foul Ball, location: 2F
1-1: Swinging Strike
1-2: Foul Ball, location: 2F
1-2: Foul Ball, location: 2F
1-2: SINGLE (Groundball, 4, EV 95.6 MPH)
Batting: RHB Darnell Jones 0-0: Called Strike
0-1: Fly out, F7 (Flyball, 78D, EV 95.0 MPH)
Top of the 2nd over - 0 runs, 1 hit, 0 errors, 1 left on base; Frisco 0 - Midland 3
BOTTOM OF THE 2ND
Midland RockHounds batting - Pitching for Frisco RoughRiders : RHP Abel Cerejeira
Batting: RHB Edgar Landim 0-0: Ball
1-0: Ball
2-0: Called Strike
2-1: Foul Ball, location: 2F
2-2: Strikes out looking
Batting: SHB Quincy Bradford 0-0: Fly out, F7 (Flyball, 7S, EV 88.1 MPH)
Batting: RHB Mario Ramos 0-0: Ball
1-0: Ball
2-0: Foul Ball, location: 2F
2-1: Foul Ball, location: 2F
2-2: Ground out 1-3 (Groundball, 15, EV 62.5 MPH)
Bottom of the 2nd over - 0 runs, 0 hits, 0 errors, 0 left on base; Frisco 0 - Midland 3
TOP OF THE 3RD
Frisco RoughRiders batting - Pitching for Midland RockHounds : RHP Tom Coates
Batting: RHB Brandon Davis 0-0: Ball
1-0: Swinging Strike
1-1: Called Strike
1-2: Foul Ball, location: 2F
1-2: Ball
2-2: Ball
3-2: Ground out 6-3 (Groundball, 6, EV 108.8 MPH)
Batting: RHB Knud Prins 0-0: Ball
1-0: Fly out, F9 (Line Drive, 9, EV 90.6 MPH)
Batting: RHB Zhi-bin Ou-yang 0-0: Called Strike
0-1: Ball
1-1: Called Strike
1-2: Ground out 1-3 (Groundball, 34S, EV 63.8 MPH)
Top of the 3rd over - 0 runs, 0 hits, 0 errors, 0 left on base; Frisco 0 - Midland 3
BOTTOM OF THE 3RD
Midland RockHounds batting - Pitching for Frisco RoughRiders : RHP Abel Cerejeira
Batting: LHB Chance Stever 0-0: DOUBLE (Flyball, 7LD, EV 106.9 MPH)
Batting: LHB Tom Raupp 0-0: Foul Ball, location: 2F
0-1: Ball
1-1: Ball
2-1: Foul Ball, location: 2F
2-2: Foul Ball, location: 2F
2-2: Strikes out swinging
Batting: RHB Chris Montgomery 0-0: Ball
1-0: Ball
2-0: Ball
3-0: Base on Balls
Batting: SHB John Cummings 0-0: Foul Ball, location: 2F
0-1: Swinging Strike
0-2: Ball
1-2: Strikes out looking
Batting: RHB Fathi Addae 0-0: Ball
1-0: Called Strike
1-1: Foul Ball, location: 2F
1-2: Strikes out swinging
Bottom of the 3rd over - 0 runs, 1 hit, 0 errors, 2 left on base; Frisco 0 - Midland 3
TOP OF THE 4TH
Frisco RoughRiders batting - Pitching for Midland RockHounds : RHP Tom Coates
Batting: LHB Justin Balthazor 0-0: Ball
1-0: Called Strike
1-1: Ball
2-1: Called Strike
2-2: Ball
3-2: Fly out, F8 (Flyball, 8RM, EV 76.2 MPH)
Batting: RHB Nate Taylor 0-0: Called Strike
0-1: Ball
1-1: Called Strike
1-2: Ball
2-2: Fly out, F3 (Popup, 34, EV 70.0 MPH)
Batting: SHB Frank King 0-0: Ball
1-0: Ball
2-0: Fly out, F5 (Popup, 5S, EV 81.2 MPH)
Top of the 4th over - 0 runs, 0 hits, 0 errors, 0 left on base; Frisco 0 - Midland 3
BOTTOM OF THE 4TH
Midland RockHounds batting - Pitching for Frisco RoughRiders : RHP Abel Cerejeira
Batting: RHB Bastiaan Leenders 0-0: Ball
1-0: Fly out, F5 (Line Drive, 5, EV 70.6 MPH)
Batting: RHB Edgar Landim 0-0: SINGLE (Groundball, 56D, EV 104.4 MPH)
Batting: SHB Quincy Bradford 0-0: Ball
1-0: Swinging Strike
1-1: Foul Ball, location: 2F
1-2: Ball
2-2: Ball
3-2: Foul Ball, location: 2F
3-2: Strikes out swinging
Batting: RHB Mario Ramos 0-0: Ball
1-0: Ball
2-0: Called Strike
2-1: Called Strike
2-2: Ground out 4-3 (Groundball, 4, EV 105.0 MPH)
Bottom of the 4th over - 0 runs, 1 hit, 0 errors, 1 left on base; Frisco 0 - Midland 3
TOP OF THE 5TH
Frisco RoughRiders batting - Pitching for Midland RockHounds : RHP Tom Coates
Batting: RHB Logan Savarese 0-0: Foul Ball, location: 2F
0-1: Ground out 3-1 (Groundball, 34, EV 83.8 MPH)
Batting: RHB Jason Sher 0-0: Ball
1-0: Called Strike
1-1: Swinging Strike
1-2: Strikes out swinging
Batting: RHB Darnell Jones 0-0: Called Strike
0-1: Ball
1-1: Ball
2-1: Foul Ball, location: 2F
2-2: Strikes out swinging
Top of the 5th over - 0 runs, 0 hits, 0 errors, 0 left on base; Frisco 0 - Midland 3
BOTTOM OF THE 5TH
Midland RockHounds batting - Pitching for Frisco RoughRiders : RHP Abel Cerejeira
Batting: LHB Chance Stever 0-0: Ball
1-0: SOLO HOME RUN (Flyball, 9LD, EV 96.9 MPH), Distance : 352 ft
Batting: LHB Tom Raupp 0-0: DOUBLE (Flyball, 89D, EV 99.4 MPH)
Batting: RHB Chris Montgomery 0-0: Swinging Strike
0-1: Foul Ball, location: 2F
0-2: Strikes out swinging
Batting: SHB John Cummings 0-0: Called Strike
0-1: Ball
1-1: Foul Ball, location: 2F
1-2: Fly out, F7 (Flyball, 7LD, EV 99.4 MPH)
Batting: RHB Fathi Addae 0-0: Called Strike
0-1: Ground out 6-3 (Groundball, 6, EV 107.5 MPH)
Bottom of the 5th over - 1 run, 2 hits, 0 errors, 1 left on base; Frisco 0 - Midland 4
TOP OF THE 6TH
Frisco RoughRiders batting - Pitching for Midland RockHounds : RHP Tom Coates
Batting: RHB Brandon Davis 0-0: Called Strike
0-1: Called Strike
0-2: Foul Ball, location: 2F
0-2: Ball
1-2: Ball
2-2: Strikes out swinging
Batting: RHB Knud Prins 0-0: Swinging Strike
0-1: Ball
1-1: DOUBLE (Groundball, 5L, EV 108.1 MPH)
Batting: RHB Zhi-bin Ou-yang 0-0: Ball
1-0: Called Strike
1-1: Swinging Strike
1-2: Ball
2-2: SINGLE (Line Drive, 8LS, EV 105.6 MPH)
Knud Prins to third
Runner from 3rd tries for Home, SAFE, throw by CF to home
Zhi-bin Ou-yang to second
Batting: LHB Justin Balthazor 0-0: Ball
1-0: Ball
2-0: Ball
3-0: Called Strike
3-1: Foul Ball, location: 2F
3-2: Fly out, F9 (Line Drive, 89M, EV 99.4 MPH)
Batting: RHB Nate Taylor 0-0: Ball
1-0: Ground out 5-3 (Groundball, 56, EV 90.0 MPH)
Top of the 6th over - 1 run, 2 hits, 0 errors, 1 left on base; Frisco 1 - Midland 4
BOTTOM OF THE 6TH
Midland RockHounds batting - Pitching for Frisco RoughRiders : RHP Abel Cerejeira
Batting: RHB Bastiaan Leenders 0-0: Called Strike
0-1: Swinging Strike
0-2: Ball
1-2: Ball
2-2: Strikes out swinging
Batting: RHB Edgar Landim 0-0: Foul Ball, location: 2F
0-1: Foul Ball, location: 2F
0-2: Strikes out swinging
Batting: SHB Quincy Bradford 0-0: TRIPLE (Flyball, 89XD, EV 110.6 MPH)
Pitching: RHP Jesse Lawlis
Batting: RHB Mario Ramos 0-0: Ball
1-0: Called Strike
1-1: Foul Ball, location: 2F
1-2: Strikes out looking
Bottom of the 6th over - 0 runs, 1 hit, 0 errors, 1 left on base; Frisco 1 - Midland 4
TOP OF THE 7TH
Frisco RoughRiders batting - Pitching for Midland RockHounds : RHP Tom Coates
Batting: SHB Frank King 0-0: Called Strike
0-1: Ball
1-1: Swinging Strike
1-2: Ball
2-2: Foul Ball, location: 2F
2-2: Ball
3-2: SINGLE (Groundball, 6D, EV 100.0 MPH)
Pitching: RHP Roberto Montoya
Batting: RHB Logan Savarese 0-0: Called Strike
0-1: Ball
1-1: Ball
2-1: Ball
3-1: Foul Ball, location: 2F
3-2: Fly out, F8 (Flyball, 8LD, EV 101.2 MPH)
Batting: RHB Jason Sher 0-0: Ball
1-0: Ball
2-0: SINGLE (Groundball, 56D, EV 89.4 MPH) (infield hit)
Frank King to second
Pinch Hitting: LHB Antonio Domingues 0-0: Foul Ball, location: 2F
0-1: Hit by Pitch
Frank King to third
Jason Sher to second
Pinch Hitting: LHB Alfonso Collazo 0-0: SINGLE (Groundball, 3, EV 100.0 MPH)
Frank King scores
Jason Sher to third
Antonio Domingues to second
Runner from 3rd tries for Home, SAFE, throw by RF to home
Batting: RHB Knud Prins 0-0: Fly out, F9 (Flyball, 9, EV 78.8 MPH)
Batting: RHB Zhi-bin Ou-yang 0-0: Foul Ball, location: 2F
0-1: Foul Ball, location: 2F
0-2: Foul Ball, location: 2F
0-2: Ball
1-2: Ball
2-2: Fly out, F7 (Line Drive, 7D, EV 109.4 MPH)
Top of the 7th over - 2 runs, 3 hits, 0 errors, 2 left on base; Frisco 3 - Midland 4
BOTTOM OF THE 7TH
Midland RockHounds batting - Pitching for Frisco RoughRiders : RHP Jesse Lawlis
Now at SS: Zhi-bin Ou-yang
Now in CF: Antonio Domingues
Now in RF: Alfonso Collazo
Batting: LHB Chance Stever 0-0: Ball
1-0: Called Strike
1-1: Foul Ball, location: 2F
1-2: Ball
2-2: SOLO HOME RUN (Flyball, 78XD, EV 108.1 MPH), Distance : 424 ft
Batting: LHB Tom Raupp 0-0: Foul Ball, location: 2F
0-1: Ball
1-1: Swinging Strike
1-2: Ground out 6-3 (Groundball, 4, EV 86.9 MPH)
Batting: RHB Chris Montgomery 0-0: Foul Ball, location: 2F
0-1: Ball
1-1: Ground out 1-3 (Groundball, 13S, EV 73.8 MPH)
Batting: SHB John Cummings 0-0: Ball
1-0: Called Strike
1-1: Foul Ball, location: 2F
1-2: Ball
2-2: Ground out 4-3 (Groundball, 4, EV 101.9 MPH)
Bottom of the 7th over - 1 run, 1 hit, 0 errors, 0 left on base; Frisco 3 - Midland 5
TOP OF THE 8TH
Frisco RoughRiders batting - Pitching for Midland RockHounds : RHP Roberto Montoya
Pitching: RHP Ace Gaskins
Batting: LHB Justin Balthazor 0-0: Ball
1-0: Ball
2-0: Called Strike
2-1: Ball
3-1: Called Strike
3-2: Foul Ball, location: 2F
3-2: Base on Balls
Batting: RHB Nate Taylor 0-0: Called Strike
0-1: Called Strike
0-2: Foul Ball, location: 2F
0-2: Strikes out looking
Batting: SHB Frank King 0-0: Reached on error, E3 (Groundball, 34S, EV 85.6 MPH)
Justin Balthazor to second
Batting: RHB Logan Savarese 0-0: Called Strike
0-1: Ball
1-1: Ball
2-1: Called Strike
2-2: Ball
Wild Pitch!
Justin Balthazor to third
Frank King to second
3-2: Foul Ball, location: 2F
3-2: Foul Ball, location: 2F
3-2: Strikes out swinging
Batting: RHB Jason Sher 0-0: Ball
Wild Pitch!
Justin Balthazor scores
Frank King to third
1-0: Swinging Strike
1-1: SINGLE (Groundball, 5S, EV 100.0 MPH)
Frank King scores
Pitching: RHP Roberto Benavides
Batting: LHB Antonio Domingues 0-0: Ball
1-0: Ball
2-0: Ball
3-0: Called Strike
3-1: Swinging Strike
3-2: Base on Balls
Jason Sher to second
Batting: LHB Alfonso Collazo 0-0: Called Strike
0-1: Called Strike
0-2: Fly out, F7 (Flyball, 7, EV 92.5 MPH)
Top of the 8th over - 2 runs, 1 hit, 1 error, 2 left on base; Frisco 5 - Midland 5
BOTTOM OF THE 8TH
Midland RockHounds batting - Pitching for Frisco RoughRiders : RHP Jesse Lawlis
Pitching: RHP Nobuo Okazaki
Batting: RHB Fathi Addae 0-0: Foul Ball, location: 2F
0-1: Foul Ball, location: 2F
0-2: Ball
1-2: Foul Ball, location: 2F
1-2: Ground out 6-3 (Groundball, 6, EV 104.4 MPH)
Batting: RHB Bastiaan Leenders 0-0: Ball
1-0: Swinging Strike
1-1: Ball
2-1: Called Strike
2-2: Foul Ball, location: 2F
2-2: Ball
3-2: Foul Ball, location: 2F
3-2: Strikes out swinging
Batting: RHB Edgar Landim 0-0: Ball
1-0: Ground out 4-3 (Groundball, 4, EV 84.4 MPH)
Bottom of the 8th over - 0 runs, 0 hits, 0 errors, 0 left on base; Frisco 5 - Midland 5
TOP OF THE 9TH
Frisco RoughRiders batting - Pitching for Midland RockHounds : RHP Roberto Benavides
Batting: RHB Knud Prins 0-0: Ground out 4-3 (Groundball, 4M, EV 87.5 MPH)
Batting: RHB Zhi-bin Ou-yang 0-0: Ball
1-0: Swinging Strike
1-1: Ball
2-1: Ball
3-1: Foul Ball, location: 2F
3-2: Foul Ball, location: 2F
3-2: Base on Balls
Batting: LHB Justin Balthazor 0-0: Ball
1-0: Foul Ball, location: 2F
1-1: Fly out, F7 (Flyball, 7LS, EV 86.2 MPH)
Batting: RHB Nate Taylor 0-0: Ball
Wild Pitch!
Zhi-bin Ou-yang to second
1-0: Ball
2-0: Foul Ball, location: 2F
2-1: Foul Ball, location: 2F
2-2: Foul Ball, location: 2F
2-2: Ball
3-2: Strikes out swinging
Top of the 9th over - 0 runs, 0 hits, 0 errors, 1 left on base; Frisco 5 - Midland 5
BOTTOM OF THE 9TH
Midland RockHounds batting - Pitching for Frisco RoughRiders : RHP Nobuo Okazaki
Pitching: RHP Garr Lacey
Batting: SHB Quincy Bradford 0-0: Ball
1-0: Ball
2-0: Ground out U3 (Groundball, 3, EV 84.4 MPH)
Batting: RHB Mario Ramos 0-0: Ball
1-0: Ball
2-0: Called Strike
2-1: Foul Ball, location: 2F
2-2: Foul Ball, location: 2F
2-2: Ball
3-2: Foul Ball, location: 2F
3-2: Base on Balls
Batting: LHB Chance Stever 0-0: Ball
1-0: Ball
2-0: Called Strike
2-1: Ball
3-1: Called Strike
3-2: Fly out, F9 (Line Drive, 9, EV 84.4 MPH)
Batting: LHB Tom Raupp 0-0: Ball
1-0: Ball
2-0: DOUBLE (Flyball, 89D, EV 102.5 MPH)
Mario Ramos to third
Batting: RHB Chris Montgomery 0-0: Ball
1-0: Called Strike
1-1: Ball
2-1: Ball
3-1: Swinging Strike
3-2: Foul Ball, location: 2F
3-2: Base on Balls
Batting: SHB John Cummings 0-0: Called Strike
0-1: Ball
1-1: Swinging Strike
1-2: Foul Ball, location: 2F
1-2: Ball
2-2: Foul Ball, location: 2F
2-2: Ball
3-2: Strikes out swinging
Bottom of the 9th over - 0 runs, 1 hit, 0 errors, 3 left on base; Frisco 5 - Midland 5
TOP OF THE 10TH
Frisco RoughRiders batting - Pitching for Midland RockHounds : RHP Roberto Benavides
Batting: SHB Frank King 0-0: Foul Ball, location: 2F
0-1: Foul Ball, location: 2F
0-2: Ball
1-2: Ball
2-2: SINGLE (Groundball, 4M, EV 105.0 MPH) (infield hit)
Batting: RHB Logan Savarese 0-0: Ball
1-0: Ball
2-0: Called Strike
2-1: Called Strike
2-2: Strikes out looking
Batting: RHB Jason Sher 0-0: Called Strike
0-1: Foul Ball, location: 2F
0-2: Foul Ball, location: 2F
0-2: Ball
1-2: Ball
2-2: Ball
3-2: Strikes out swinging
Frank King steals 2nd, throwing error, E2
Frank King to third
Batting: LHB Antonio Domingues 0-0: Ball
1-0: Ball
2-0: Ball
3-0: Called Strike
3-1: Base on Balls
Pitching: RHP George Rubio
Batting: LHB Alfonso Collazo 0-0: Ball
1-0: Called Strike
1-1: Ball
2-1: Ball
3-1: Ground out 4-3 (Groundball, 4, EV 102.5 MPH)
Top of the 10th over - 0 runs, 1 hit, 1 error, 2 left on base; Frisco 5 - Midland 5
BOTTOM OF THE 10TH
Midland RockHounds batting - Pitching for Frisco RoughRiders : RHP Garr Lacey
Pitching: RHP Andy Knothe
Batting: RHB Fathi Addae 0-0: Called Strike
0-1: Fly out, F5 (Line Drive, 5, EV 70.6 MPH)
Batting: RHB Bastiaan Leenders 0-0: Ball
1-0: Ball
2-0: Ground out 4-3 (Groundball, 4, EV 104.4 MPH)
Batting: RHB Edgar Landim 0-0: Called Strike
0-1: Ball
1-1: Ball
2-1: Called Strike
2-2: Foul Ball, location: 2F
2-2: Fly out, F7 (Flyball, 7D, EV 96.2 MPH)
Bottom of the 10th over - 0 runs, 0 hits, 0 errors, 0 left on base; Frisco 5 - Midland 5
TOP OF THE 11TH
Frisco RoughRiders batting - Pitching for Midland RockHounds : RHP George Rubio
Batting: RHB Knud Prins 0-0: Swinging Strike
0-1: Ball
1-1: Foul Ball, location: 2F
1-2: Strikes out swinging
Batting: RHB Zhi-bin Ou-yang 0-0: Foul Ball, location: 2F
0-1: Foul Ball, location: 2F
0-2: Strikes out swinging
Batting: LHB Justin Balthazor 0-0: Swinging Strike
0-1: Foul Ball, location: 2F
0-2: Foul Ball, location: 2F
0-2: Ball
1-2: Foul Ball, location: 2F
1-2: Foul Ball, location: 2F
1-2: Ball
2-2: Strikes out swinging
Top of the 11th over - 0 runs, 0 hits, 0 errors, 0 left on base; Frisco 5 - Midland 5
BOTTOM OF THE 11TH
Midland RockHounds batting - Pitching for Frisco RoughRiders : RHP Andy Knothe
Batting: SHB Quincy Bradford 0-0: Ball
1-0: Ball
2-0: Ball
3-0: Called Strike
3-1: Base on Balls
Batting: RHB Mario Ramos 0-0: Ball
1-0: Bunt missed!
1-1: Sac Bunt to 15 - play at first, batter OUT! 1-4
Quincy Bradford to second
Batting: LHB Chance Stever 0-0: Called Strike
0-1: Fly out, F5 (Popup, 25, EV 87.5 MPH)
Batting: LHB Tom Raupp 0-0: Ball
1-0: Ball
2-0: Ground out U3 (Groundball, 3, EV 100.6 MPH)
Bottom of the 11th over - 0 runs, 0 hits, 0 errors, 1 left on base; Frisco 5 - Midland 5
TOP OF THE 12TH
Frisco RoughRiders batting - Pitching for Midland RockHounds : RHP George Rubio
Batting: RHB Nate Taylor 0-0: Ground out 6-3 (Groundball, 6M, EV 91.9 MPH)
Batting: SHB Frank King 0-0: Ground out 4-3 (Groundball, 4, EV 85.0 MPH)
Batting: RHB Logan Savarese 0-0: Ball
1-0: Fly out, F9 (Flyball, 9LS, EV 92.5 MPH)
Top of the 12th over - 0 runs, 0 hits, 0 errors, 0 left on base; Frisco 5 - Midland 5
BOTTOM OF THE 12TH
Midland RockHounds batting - Pitching for Frisco RoughRiders : RHP Andy Knothe
Batting: RHB Chris Montgomery 0-0: Ball
1-0: Foul Ball, location: 2F
1-1: Ball
2-1: Ball
3-1: Foul Ball, location: 2F
3-2: Fly out, F6 (Popup, 6MD, EV 55.0 MPH)
Pitching: RHP Mario Lopez
Batting: SHB John Cummings 0-0: Called Strike
0-1: Called Strike
0-2: Ball
1-2: Foul Ball, location: 2F
1-2: Foul Ball, location: 2F
1-2: Strikes out swinging
Batting: RHB Fathi Addae 0-0: SINGLE (Groundball, 6S, EV 69.4 MPH) (infield hit)
Pinch Runner at 1st Zack DiCicco:
Batting: RHB Bastiaan Leenders 0-0: Called Strike
0-1: SINGLE (Line Drive, 34, EV 103.1 MPH)
Zack DiCicco to second
Batting: RHB Edgar Landim 0-0: Called Strike
0-1: Ball
1-1: Ball
2-1: Foul Ball, location: 2F
2-2: Ball
3-2: Foul Ball, location: 2F
3-2: Foul Ball, location: 2F
3-2: Strikes out swinging
Bottom of the 12th over - 0 runs, 2 hits, 0 errors, 2 left on base; Frisco 5 - Midland 5
TOP OF THE 13TH
Frisco RoughRiders batting - Pitching for Midland RockHounds : RHP George Rubio
Pitching: RHP Emilio Gonzalez
Now at 2B: Zack DiCicco
Batting: RHB Jason Sher 0-0: Ball
1-0: Ball
2-0: Foul Ball, location: 2F
2-1: Foul Ball, location: 2F
2-2: Foul Ball, location: 2F
2-2: Foul Ball, location: 2F
2-2: Ball
3-2: Foul Ball, location: 2F
3-2: Foul Ball, location: 2F
3-2: Strikes out swinging
Batting: LHB Antonio Domingues 0-0: Foul Ball, location: 2F
0-1: SINGLE (Line Drive, 7LS, EV 87.5 MPH)
Batting: LHB Alfonso Collazo 0-0: Fly out, F7 (Flyball, 78S, EV 90.6 MPH)
Batting: RHB Knud Prins 0-0: Called Strike
Antonio Domingues steals 2nd, throwing error, E2
Antonio Domingues to third
0-1: Ball
1-1: Called Strike
1-2: Strikes out looking
Top of the 13th over - 0 runs, 1 hit, 1 error, 1 left on base; Frisco 5 - Midland 5
BOTTOM OF THE 13TH
Midland RockHounds batting - Pitching for Frisco RoughRiders : RHP Mario Lopez
Batting: SHB Quincy Bradford 0-0: Called Strike
0-1: Foul Ball, location: 2F
0-2: Ball
1-2: Foul Ball, location: 2F
1-2: Ball
2-2: Strikes out looking
Batting: RHB Mario Ramos 0-0: Called Strike
0-1: Ball
1-1: Foul Ball, location: 2F
1-2: Strikes out looking
Batting: LHB Chance Stever 0-0: Ball
1-0: Ball
2-0: Called Strike
2-1: Swinging Strike
2-2: Ball
3-2: Base on Balls
Batting: LHB Tom Raupp 0-0: Ball
1-0: Ball
2-0: Called Strike
2-1: Ground out 4-3 (Groundball, 4S, EV 71.2 MPH)
Bottom of the 13th over - 0 runs, 0 hits, 0 errors, 1 left on base; Frisco 5 - Midland 5
TOP OF THE 14TH
Frisco RoughRiders batting - Pitching for Midland RockHounds : RHP Emilio Gonzalez
Batting: RHB Zhi-bin Ou-yang 0-0: Ball
1-0: Called Strike
1-1: Ball
2-1: Ball
3-1: Base on Balls
Batting: LHB Justin Balthazor 0-0: Ball
1-0: Ball
Zhi-bin Ou-yang steals 2nd base (no throw)
2-0: Intentional Walk
Batting: RHB Nate Taylor 0-0: Ball
1-0: Foul Ball, location: 2F
1-1: SINGLE (Line Drive, 9LS, EV 110.6 MPH)
Zhi-bin Ou-yang to third
Justin Balthazor to second
Batting: SHB Frank King 0-0: Called Strike
0-1: Fly out, F7 (Flyball, 7LM, EV 84.4 MPH)
Runner from 3rd tags up, SCORES, no throw by LF
Batting: RHB Logan Savarese 0-0: Ball
1-0: Ball
2-0: Called Strike
2-1: Swinging Strike
2-2: Strikes out looking
Batting: RHB Jason Sher 0-0: Swinging Strike
0-1: Ball
1-1: Ball
2-1: Foul Ball, location: 2F
2-2: Strikes out swinging, 2-3 out at first.
Top of the 14th over - 1 run, 1 hit, 0 errors, 2 left on base; Frisco 6 - Midland 5
BOTTOM OF THE 14TH
Midland RockHounds batting - Pitching for Frisco RoughRiders : RHP Mario Lopez
Batting: RHB Chris Montgomery 0-0: Fly out, F7 (Flyball, 7S, EV 83.1 MPH)
Batting: SHB John Cummings 0-0: Fly out, F9 (Line Drive, 9, EV 105.0 MPH)
Batting: RHB Zack DiCicco 0-0: Ball
1-0: Ball
2-0: Reached on error, E6 (Groundball, 56, EV 90.6 MPH)
Pitching: RHP Andres Burgos
Batting: RHB Bastiaan Leenders 0-0: Ball
1-0: Called Strike
1-1: Swinging Strike
1-2: Ball
2-2: Fly out, F7 (Flyball, 78M, EV 78.8 MPH)
Bottom of the 14th over - 0 runs, 0 hits, 1 error, 1 left on base; Frisco 6 - Midland 5
Thursday, March 31st , 2022 - OOTP Baseball 22.12 Build 89